 Dungeon Crawl Stone Soup version 0.28-a0-1339-ga5422284a4 (webtiles) character file.

Game seed: 10315774408667971434

96 browni3141 the Slasher (level 4, -2/37 HPs)
             Began as a Palentonga Berserker on Dec 28, 2021.
             Was a Follower of Trog.
             Slain by a goblin (6 damage)
             ... led by Robin
             ... on level 2 of the Dungeon.
             The game lasted 00:01:19 (939 turns).

browni3141 the Slasher (Palentonga Berserker)        Turns: 939, Time: 00:01:19

Health: -2/37      AC:  6    Str: 22    XL:     4   Next: 41%
Magic:  4/4        EV:  9    Int:  7    God:    Trog [*.....]
Gold:   32         SH:  0    Dex: 10    Spells: 3/3 levels left

rFire   . . .      SeeInvis +   a - +0 falchion
rCold   . . .      Faith    .   (no shield)
rNeg    . . .      Spirit   .   g - +0 ring mail
rPois   .          Reflect  .   f - +0 helmet
rElec   .          Harm     .   (no cloak)
rCorr   .          Rampage  .   (no gloves)
Will    .....                   (no barding)
Stlth   ..........              (no amulet)
HPRegen 0.12/turn               (no ring)
MPRegen 0.09/turn               (no ring)

@: on berserk cooldown, slowed, very slow
A: large, rugged brown scales 3, see invisible, deformed body, roll 1, armoured
tail
a: Rolling Charge, Renounce Religion, Berserk


You were on level 2 of the Dungeon.
You worshipped Trog.
Trog was aware of your devotion.
You visited 1 branch of the dungeon, and saw 2 of its levels.

You collected 32 gold pieces.

Inventory:

Hand Weapons
 a - a +0 falchion (weapon)
Armour
 b - a +0 animal skin
 f - a +0 helmet (worn)
 g - a +0 ring mail (worn)
 i - a +0 chain mail
Scrolls
 h - a scroll of immolation {unknown}
 j - a scroll of identify {unknown}
Potions
 c - a potion of haste {unknown}
 d - a potion of ambrosia {unknown}
 e - a potion of berserk rage {unknown}


   Skills:
 - Level 3.0 Fighting
 * Level 5.3 Long Blades
 - Level 1.5 Armour
 - Level 1.5 Dodging


You had 3 spell levels left.
You didn't know any spells.
Your spell library was empty.

Dungeon Overview and Level Annotations

Branches:
Dungeon (2/15)

Altars:

Annotations:
D:2 Robin


Innate Abilities, Weirdness & Mutations

You are completely covered in rugged brown scales. (AC +3, +7% HP)
You have supernaturally acute eyesight. (SInv)
Armour fits poorly on your strangely shaped body.
You can roll at nearby foes to attack.
You have a long armoured tail.


Message History

You slash the ball python!
You kill the ball python!
Trog accepts your kill. The dart slug bites you.
* * * LOW HITPOINT WARNING * * *
You slash the dart slug!
The dart slug is severely wounded.
You slice the dart slug!!
You kill the dart slug!
Trog accepts your kill.
You start resting.
A kobold comes into view. It is wielding a +0 club.
You feel a strong urge to attack something.
You are no longer berserk.
You are exhausted.
You feel yourself slow down.
Robin of the Strong Arm comes into view.
They are wielding a +0 club.
Robin shouts!
You hear a shout! x2
Robin moves out of view.
You start resting.
A goblin comes into view. It is wielding a +0 club. x2
Robin roars a battlecry!
The goblins go into a battle-frenzy!
You hear a shout! x4
The goblin shouts!
You hear a shout!
A hobgoblin comes into view.
A goblin comes into view. It is wielding a +0 dagger.
The goblin shouts!
You hear a shout!
Robin throws the goblin at you!
A goblin comes into view. It is wielding a +0 club.
The goblin hits you but does no damage.
You see here a bat corpse.
The goblin closely misses you. The goblin hits you with a +0 club.
* * * LOW HITPOINT WARNING * * *
The goblin hits you with a +0 club.
* * * LOW HITPOINT WARNING * * *
There is a stone staircase leading up here.
Robin throws the goblin at you! The goblin hits you with a +0 club.
You die...

##### ##...##
##.....##
#.......# ####
#.......#
....####.......#
#..)...[....#
#..#.....g..######
##...#...@........
#...##...g...####
+.#.##...g...#
###...#.....##
##.....g.##
#....g###
#......##
#...†#..#
#).).##.#


You could see Robin and 4 goblins.

Vanquished Creatures
  An iguana (D:2)
  4 gnolls (D:2)
  A dart slug (D:2)
  4 bats
  3 endoplasms (D:1)
  2 giant cockroaches
  2 hobgoblins (D:1)
  6 kobolds
  4 ball pythons
  A frilled lizard (D:1)
  2 goblins (D:1)
  A rat (D:1)
31 creatures vanquished.

Notes
Turn   | Place    | Note
-------+----------+-------------------------------------------
     0 | D:1      | browni3141 the Palentonga Berserker began the quest for the
                  | Orb.
     0 | D:1      | Reached XP level 1. HP: 19/19 MP: 1/1
    28 | D:1      | HP: 1/28 [kobold (4)]
   356 | D:1      | Reached XP level 2. HP: 21/25 MP: 2/2
   447 | D:1      | Found a faded altar of an unknown god.
   710 | D:1      | Reached skill level 4 in Long Blades
   898 | D:2      | Reached XP level 3. HP: 31/31 MP: 3/3
   909 | D:2      | Reached skill level 5 in Long Blades
   909 | D:2      | Reached XP level 4. HP: 22/37 MP: 4/4
   928 | D:2      | Noticed Robin
   939 | D:2      | Slain by a goblin

Illustrated notes

Levels and vault maps discovered:
D:1:      kennysheep_arrival_forest, layout_rooms, basic_ecumenical_altar
D:2:      layout_rooms, minmay_fountain_box, uniq_robin

Skill      XL: |  1  2  3 |
---------------+----------+-----
Long Blades    | 4 5 |  5.3
Fighting       | |  3.0
Armour         | |  1.5
Dodging        | |  1.5

Action                   |  1- 3 |  4- 6 || total
-------------------------+-------+-------++-------
Melee: Falchion          |    58 |    15 ||    73
       Tailslap          |     9 |     1 ||    10
Invok: Berserk           |     2 |       ||     2
 Abil: Rolling Charge    |    17 |       ||    17
Armor: Animal skin       |     2 |       ||     2
       Ring mail         |    23 |    14 ||    37
Dodge: Dodged            |    39 |    18 ||    57

Table legend: (Time is in decaauts)
 A = Elapsed time spent in this place.
 B = Non-inter-level travel time spent in this place.
 C = Inter-level travel time spent in this place.
 D = Time resting spent in this place.
 E = Time spent auto-exploring this place.
 F = Levels seen in this place.
 G = Mean time per level.
                   A        B        C        D        E       F      G
               +--------+--------+--------+--------+--------+-----+--------+
         Total |    950 |    936 |     14 |    299 |    470 |   2 |  475.0 |
       Dungeon |    950 |    936 |     14 |    299 |    470 |   2 |  475.0 |
               +--------+--------+--------+--------+--------+-----+--------+

Top non-repeatable levels by time:
     D:1: 894 daAuts
     D:2: 55 daAuts
